Map: Torres Crepusculares

Players

DeeJay - Winner!

  • Race: Zerg Zerg
  • League: Platinum

Naga

  • Race: Protoss Protoss
  • League: Gold

VOD

Have the link to the VOD?

Description

Time

  • Played on: March 7, 2016, 9:47 p.m.
  • Length: 19:26
Show
View Real Time Build Order
Export as new Build Order

DeeJay Zerg - Winner!

Build Orders: Pool First 

Get SALT Encoding   

  12  0:03  Drone  
  13  0:13  Overlord  
  13  0:21  Drone  
  14  0:32  Drone x2  
  16  0:38  Drone, Extractor  
  16  0:48  Spawning Pool  
  15  0:50  Drone  
  15  0:56  Drone  
  17  1:07  Drone  
  18  1:22  Drone  
  19  1:29  Overlord  
  19  1:35  Queen  
  21  1:47  Drone  
  21  1:51  Metabolic Boost  
  22  2:11  Hatchery  
  22  2:15  Zergling x6  
  24  2:26  Drone  
  25  2:40  Hatchery  
  24  2:47  Drone x4  
  28  2:53  Evolution Chamber  
  28  2:54  Burrow  
  27  2:59  Drone  
  27  3:04  Drone  
  29  3:17  Drone  
  29  3:26  Drone x2  
  30  3:30  Drone x2  
  30  3:32  Evolution Chamber  
  32  3:43  Zergling x6  
  35  3:52  Overlord  
  35  3:56  Extractor  
  35  3:58  Roach Warren  
  35  3:59  Drone  
  35  4:00  Drone  
  35  4:03  Spine Crawler  
  35  4:04  Queen  
  35  4:08  Overlord x4  
  36  4:18  Spine Crawler  
  35  4:34  Overlord  
  35  4:36  Drone x4  
  36  5:19  Roach x8  
  52  5:41  Spore Crawler  
  51  5:45  Queen x2  
  51  5:47  Drone x2  
  56  6:00  Drone  
  56  6:01  Hatchery  
  56  6:02  Overlord x3  
  56  6:03  Overlord, Extractor  
  55  6:10  Drone x3, Extractor  
  57  6:21  Queen x2  
  61  6:27  Drone x3  
  64  6:36  Spore Crawler, Drone, Spine Crawler  
  63  6:42  Drone x2  
  63  6:43  Drone  
  66  6:51  Overlord  
  66  7:03  Hatchery, Drone x5  
  66  7:04  Drone  
  71  7:17  Roach  
  71  7:18  Roach x5, Pneumatized Carapace  
  79  7:24  Roach  
  81  7:43  Roach  
  69  8:00  Zergling x22  
  74  8:07  Roach  
  74  8:12  Spine Crawler  
  75  8:14  Spine Crawler  
  75  8:16  Zergling x6, Spine Crawler  
  75  8:17  Spine Crawler  
  75  8:22  Zergling x4  
  73  8:55  Zergling x2, Roach  
  73  8:56  Roach x4  
  72  9:11  Zergling x4  
  72  9:12  Zergling x16  
  72  9:15  Queen x3  
  67  9:36  Drone x5  
  67  9:37  Drone x3  
  73  9:56  Lair  
  73  9:59  Drone x2  
  69  10:16  Drone x2  
  69  10:17  Drone  
  71  10:24  Drone x6  
  77  10:30  Zergling x6  
  77  10:31  Zergling x8  
  82  10:44  Zerg Missile Weapons Level 1  
  82  10:47  Drone  
  82  11:03  Hatchery  
  81  11:05  Hydralisk Den  
  73  11:20  Hatchery  
  70  11:27  Roach  
  70  11:28  Roach x11  
  93  11:37  Hydralisk x3  
  93  11:38  Hydralisk x4  
  105  11:40  Overseer  
  105  12:09  Overseer  
  105  12:11  Hydralisk  
  105  12:12  Hydralisk x6  
  119  12:32  Hydralisk x7  
  133  12:38  Zerg Ground Armor Level 1  
  133  12:47  Extractor  
  133  12:50  Extractor  
  131  12:55  Roach  
  131  12:56  Roach x4  
  131  12:57  Overlord x3  
  131  12:58  Overlord  
  141  13:02  Glial Reconstitution  
  141  13:06  Muscular Augments  
  141  13:12  Overlord  
  127  13:40  Roach x8  
  127  13:41  Roach x3  
  147  13:45  Drone x2  
  149  14:16  Drone x14  
  162  14:23  Spine Crawler  
  161  14:37  Infestation Pit  
  160  14:49  Hydralisk  
  160  14:50  Hydralisk x5  
  172  15:11  Drone, Extractor  
  168  15:15  Extractor  
  168  15:20  Roach x4  
  173  15:22  Overlord x2  
  121  15:51  Zergling x2  
  121  15:52  Zergling x48  
  136  16:26  Hive  
  136  16:27  Drone  
  136  16:31  Hatchery  
  136  16:42  Evolution Chamber  
  136  16:44  Evolution Chamber  
  134  16:54  Drone x3  
  134  16:58  Drone x22  
  159  17:21  Extractor  
  158  17:35  Spine Crawler  
  158  17:36  Spine Crawler  
  156  17:37  Spine Crawler x2  
  156  17:42  Extractor  
  150  18:21  Ultralisk Cavern  
  150  18:24  Roach  
  150  18:25  Roach x16  
  183  18:30  Spine Crawler  
  183  18:31  Spine Crawler  
  183  18:32  Spine Crawler  
  180  18:35  Roach x3  
  180  18:36  Overlord, Roach  
  180  18:37  Overlord x2  
Show
View Real Time Build Order
Export as new Build Order

Naga Protoss 

Build Orders: 1 Gate Expand 

Get SALT Encoding   

  12  0:01  Probe (Chrono Boost)  
  13  0:12  Probe (Chrono Boost)  
  14  0:22  Probe (Chrono Boost)  
  14  0:28  Pylon  
  15  0:46  Probe (Chrono Boost)  
  16  0:50  Gateway  
  16  0:57  Probe (Chrono Boost)  
  17  0:59  Assimilator  
  17  1:07  Probe (Chrono Boost)  
  18  1:18  Probe (Chrono Boost)  
  19  1:25  Nexus  
  19  1:40  Cybernetics Core  
  19  1:43  Probe (Chrono Boost)  
  20  1:53  Probe (Chrono Boost)  
  21  1:54  Pylon  
  21  1:55  Assimilator  
  21  2:17  Stalker (Chrono Boost)  
  21  2:21  Probe  
  24  2:33  Mothership Core  
  28  2:44  Adept (Chrono Boost)  
  28  2:52  Warp Gate (Chrono Boost)  
  28  2:55  Probe x2  
  30  3:06  Probe  
  30  3:07  Adept (Chrono Boost), Probe  
  33  3:20  Probe x2  
  35  3:29  Pylon  
  35  3:31  Probe  
  35  3:33  Probe  
  37  3:39  Stalker  
  39  3:41  Probe  
  39  3:45  Probe  
  41  3:52  Probe  
  42  3:57  Probe  
  42  4:02  Probe  
  43  4:08  Gateway  
  43  4:09  Probe  
  45  4:10  Gateway  
  45  4:13  Gateway  
  45  4:14  Gateway  
  45  4:15  Probe  
  45  4:18  Twilight Council  
  45  4:21  Probe  
  47  4:26  Probe  
  47  4:27  Adept  
  50  4:33  Probe  
  50  4:35  Assimilator  
  50  4:37  Probe  
  52  4:39  Assimilator  
  52  4:40  Pylon  
  52  4:45  Pylon  
  50  4:54  Adept  
  52  5:11  Adept x2  
  52  5:12  Adept x2  
  59  5:30  Pylon  
  56  5:43  Stalker x4  
  56  5:45  Blink (Chrono Boost)  
  62  5:50  Robotics Facility  
  62  6:07  Stalker  
  62  6:09  Stalker  
  62  6:10  Stalker  
  68  6:28  Probe  
  68  6:31  Gateway  
  68  6:32  Gateway  
  69  6:41  Immortal  
  69  6:42  Stalker x2  
  77  7:04  Pylon  
  77  7:06  Pylon  
  77  7:07  Pylon  
  77  7:29  Stalker x4  
  85  7:30  Stalker  
  87  7:38  Pylon  
  79  7:58  Stalker x4  
  73  7:59  Stalker  
  73  8:04  Immortal  
  79  8:18  Probe  
  79  8:19  Probe  
  81  8:21  Stalker x2  
  81  8:22  Stalker  
  87  8:27  Pylon  
  87  8:31  Probe  
  88  8:43  Immortal  
  88  8:45  Adept x2  
  88  8:46  Adept x2  
  77  9:27  Stalker x4, Immortal  
  77  9:28  Stalker x2  
  83  9:35  Mothership Core (Chrono Boost)  
  75  9:41  Charge (Chrono Boost)  
  75  9:57  Nexus  
  75  9:58  Templar Archives  
  74  10:34  Observer  
  75  10:51  Zealot x3  
  75  10:52  Zealot x3  
  75  10:53  Observer  
  88  11:08  Probe  
  88  11:09  Probe x2  
  91  11:11  Observer  
  92  11:26  Zealot x3  
  92  11:27  Zealot x4  
  104  11:53  High Templar x5  
  114  11:58  Assimilator  
  114  12:00  Probe  
  115  12:02  Assimilator  
  115  12:08  Probe  
  115  12:12  Probe  
  117  12:18  Pylon  
  117  12:21  Pylon  
  117  12:35  Archon x2  
  117  12:36  High Templar, Probe  
  120  12:37  High Templar x2  
  120  12:40  Zealot  
  120  12:41  Zealot x3  
  132  12:48  Archon  
  132  12:49  Archon  
  132  12:52  Psionic Storm  
  132  12:59  Forge  
  132  13:02  Gateway  
  132  13:06  Gateway  
  132  13:07  Probe  
  132  13:08  Gateway  
  133  13:18  Probe  
  114  13:28  Probe  
  114  13:31  Pylon  
  99  13:37  High Templar x3  
  99  13:38  High Templar x2  
  105  13:45  Zealot  
  105  13:46  Zealot  
  105  13:47  Pylon  
  109  13:50  Archon x2  
  108  13:58  Mothership Core  
  109  14:09  Probe  
  110  14:19  High Templar x4  
  110  14:21  Zealot x3, Probe  
  125  14:33  Probe  
  126  14:43  Zealot  
  126  14:44  Zealot x2  
  132  14:45  Zealot  
  132  14:46  Zealot x2  
  132  14:50  Probe  
  139  15:00  Probe  
  116  15:32  Zealot x2  
  116  15:33  Zealot x4  
  116  15:34  Zealot x3  
  126  15:42  Nexus  
  96  15:44  Pylon  
  72  15:53  High Templar x2  
  72  15:54  High Templar x5  
  86  15:57  Zealot x2  
  86  15:59  Archon x3  
  70  16:19  High Templar x2  
  74  16:30  Zealot x4  
  74  16:31  Zealot x3  
  74  16:32  Warp Prism  
  88  16:37  Mothership Core  
  92  17:11  Zealot  
  92  17:12  Zealot x2  
  92  17:14  High Templar x2  
  102  17:16  Immortal  
  102  17:22  Probe  
  107  17:33  Probe  
  108  17:43  Probe  
  108  17:49  Zealot x5  
  108  17:50  Zealot  
  121  17:52  Zealot x2  
  121  17:54  Probe  
  108  17:59  Zealot  
  108  18:00  Zealot x2  
  114  18:11  Probe  
  115  18:22  Probe  
  115  18:25  Zealot x3  
  115  18:26  Zealot x5  
  132  18:27  Zealot  
  102  19:02  Zealot x3  
  100  19:03  Zealot x5  
  100  19:04  Zealot  
Tags
 
Add a new tag
Caveats
  • Supply blocks, unpowered buildings, or Contaminate may cause inaccurate times.
  • Supply counts are checked every 10 seconds.